 Dungeon Crawl Stone Soup version 0.19.0-11-g3fc08b3 (webtiles) character file.

62 Chiseanne the Stinger (level 3, -3/29 HPs)
             Began as a Centaur Venom Mage on Nov 8, 2016.
             Slain by a gnoll
             ... wielding a +0 spear
              (6 damage)
             ... on level 2 of the Dungeon.
             The game lasted 00:02:25 (2509 turns).

Chiseanne the Stinger (Centaur Venom Mage)          Turns: 2509, Time: 00:02:26

Health: -3/29      AC:  5    Str: 10    XL:     3   Next: 85%
Magic:  5/5        EV:  8    Int: 14    God:
Gold:   79         SH:  0    Dex: 10    Spells: 1 memorised, 4 levels left

rFire  . . .     SeeInvis .     j - +0 hand axe
rCold  . . .     Gourm    .     f - +0 ring mail
rNeg   . . .     Faith    .     (no shield)
rPois  .         Spirit   .     (no helmet)
rElec  .         Reflect  .     (no cloak)
rCorr  .         Harm     .     (no gloves)
MR     .....                    (no barding)
Stlth  ..........               (no amulet)
                                (no ring)
                                (no ring)

@: lethally poisoned (-3 -> -6), very quick
A: hooves 3, deformed body, speed 2, tough skin 3
a: no special abilities


You were on level 2 of the Dungeon.
You were not hungry.

You visited 1 branch of the dungeon, and saw 2 of its levels.

You collected 79 gold pieces.

Inventory:

Hand Weapons
 j - a +0 hand axe (weapon)
Missiles
 e - 79 stones (quivered)
 g - 19 sling bullets
 l - 4 silver javelins
Armour
 f - a +0 ring mail (worn)
Scrolls
 d - a scroll of teleportation
 k - a scroll of fear {unknown}
Potions
 a - a potion of cure mutation {unknown}
 h - a potion of lignification
 i - a potion of haste {unknown}
 p - a potion of might {unknown}
Books
 b - a Young Poisoner's Handbook

   Spells                             Type                      Level
   a - Sting                          Conjuration/Poison           1
   b - Mephitic Cloud                 Conjuration/Poison/Air       3
   c - Olgreb's Toxic Radiance        Poison                       4
   d - Alistair's Intoxication        Transmutation/Poison         5
   e - Venom Bolt                     Conjuration/Poison           5
Comestibles
 c - 2 bread rations
 m - 3 fruits
 n - 2 beef jerkies


   Skills:
 * Level 2.0 Fighting
 * Level 0.9 Armour
 * Level 2.2 Dodging
 - Level 1.1 Stealth
 - Level 1.5 Spellcasting
 - Level 3.2 Poison Magic


You had 4 spell levels left.
You knew the following spells:

 Your Spells              Type           Power        Failure   Level  Hunger
a - Sting                 Conj/Pois      #...         34%         1    ##.....


Dungeon Overview and Level Annotations

Branches:
Dungeon (2/15)

Altars:
Ashenzari


Innate Abilities, Weirdness & Mutations

You have hooves in place of feet.
Armour fits poorly on your strangely shaped body.
You cover ground very quickly.
You have extremely tough skin. (AC +3)


Message History

You are poisoned.
The adder poisons you! The adder bites you.
The gnoll hits you from afar with a spear.
You closely miss the adder.
The adder is lightly wounded.
You feel sick. The adder bites you but does no damage.
The gnoll closely misses you. The adder barely misses you.
You closely miss the adder.
The adder is lightly wounded.
The gnoll hits you from afar with a spear.
The adder closely misses you.
You hit the adder but do no damage.
The adder is lightly wounded.
You feel sick. The adder bites you.
The gnoll hits you from afar with a spear.
* * * LOW HITPOINT WARNING * * *
The adder bites you.
* * * LOW HITPOINT WARNING * * *
The gnoll hits you from afar with a spear.
You die...

.##...##.....# ..........'....#
.......#.....#.........)..######
.......+.....#............#
.......#.....#............#
.....#########............#
.....# #..g.........# .....#
#.ggg........# ######
#.#S########## #.#@# #.#.#
##############.#.#
.............#'#'#####
###########..........#
#..........#### #.............#
#..........##.# #######
#..........##.#


You could see 4 gnolls and an adder.

Vanquished Creatures
  An adder (D:2)
  An ooze (D:2)
  2 dart slugs (D:2)
  4 leopard geckos
  5 bats (D:2)
  4 goblins
  4 hobgoblins
  4 jackals (D:1)
  6 kobolds
  3 frilled lizards
  6 rats
40 creatures vanquished.

Notes
Turn   | Place    | Note
-------+----------+-------------------------------------------
     0 | D:1      | Chiseanne the Centaur Venom Mage began the quest for the Orb.
     0 | D:1      | Reached XP level 1. HP: 14/14 MP: 3/3
    74 | D:1      | Reached skill level 1 in Fighting
    79 | D:1      | Reached XP level 2. HP: 14/23 MP: 1/4
  1311 | D:2      | Reached XP level 3. HP: 11/28 MP: 5/5
  1505 | D:2      | Found a shattered altar of Ashenzari.
  2509 | D:2      | Slain by a gnoll

Skill      XL: |  1  2  3 |
---------------+----------+-----
Fighting       | 1 2 |  2.0
Dodging        | 2 |  2.2
Armour         | |  0.9
Stealth        | |  1.1
Spellcasting   | |  1.5
Poison Magic   | |  3.2

Action                   || total
-------------------------++-------
Melee: Spear             ||     6
       Unarmed           ||     2
       Kick              ||    15
       Hand axe          ||   128
 Cast: Sting             ||     7
  Use: Scroll            ||     3
       Potion            ||     1
  Eat: Chunk             ||     4
Armor: Robe              ||    22
       Ring mail         ||    54
       Skin              ||     6
Dodge: Dodged            ||    96
